 Dungeon Crawl Stone Soup version 0.29-a0-25-g7f48f510a0 (webtiles) character file.

Game seed: 425060881959212561

4389 funkygono the Arsonist (level 10, -4/51 HPs)
             Began as a Gargoyle Fire Elementalist on Jan 31, 2022.
             Was a Believer of Vehumet.
             Killed by divine providence
             ... invoked by an orc priest
              (13 damage)
             ... on level 8 of the Dungeon.
             The game lasted 00:14:25 (8738 turns).

funkygono the Arsonist (Gargoyle Fire Elementalist) Turns: 8738, Time: 00:14:26

Health: -4/51      AC: 16    Str: 11    XL:     10   Next: 35%
Magic:  17/22      EV: 12    Int: 21    God:    Vehumet [**....]
Gold:   388        SH:  0    Dex: 10    Spells: 14/25 levels left

rFire   . . .      SeeInvis .   c - +0 mace (protect)
rCold   . . .      Faith    .   (no shield)
rNeg    + . .      Spirit   .   w - +0 steam dragon scales
rPois   ∞          Reflect  .   (no helmet)
rElec   +          Harm     .   A - +1 cloak
rCorr   .          Rampage  .   (no gloves)
Will    +....                   x - +1 pair of boots
Stlth   ++........              (no amulet)
HPRegen 0.17/turn               E - ring of willpower
MPRegen 0.18/turn               (no ring)

@: no status effects
A: sickness immunity, AC +7, negative energy resistance 1, electricity
resistance, torment resistance 1, petrification resistance
a: Renounce Religion


You were on level 8 of the Dungeon.
You worshipped Vehumet.
Vehumet was pleased with you.
You visited 2 branches of the dungeon, and saw 9 of its levels.

You collected 414 gold pieces.
You spent 26 gold pieces at shops.

Inventory:

Hand Weapons
 c - a +0 mace of protection (weapon)
 f - a +1 whip
 g - a +0 whip of freezing
 l - a +0 mace
 t - the +5 dagger "Naxeepn" {vorpal, rPois Int+2}
   (You found it on level 4 of the Dungeon)

   It inflicts extra damage upon your enemies.
   Int:       It affects your intelligence (+2).
   rPois:     It protects you from poison.
Missiles
 e - 328 stones
 z - a throwing net
Armour
 a - a +0 robe
 b - a +0 leather armour
 p - a +3 scale mail of willpower
 s - the +1 robe of Yxooris {Will+}
   (You found it on level 4 of the Dungeon)

   Will:      It increases your willpower.
 v - a +0 troll leather armour {Pargi}
 w - +0 steam dragon scales (worn)
 x - a +1 pair of boots (worn)
 A - a +1 cloak (worn)
Jewellery
 E - a ring of willpower (left hand)
 F - a ring of protection from cold
Wands
 y - a wand of flame (15)
Scrolls
 d - a scroll of fog
 i - a scroll of teleportation
 u - a scroll of immolation
 D - 3 scrolls of identify
Potions
 h - 5 potions of curing
 j - 3 potions of haste
 k - a potion of invisibility
 m - a potion of attraction
 n - a potion of ambrosia
 o - 2 potions of brilliance {unknown}
 q - a potion of cancellation {unknown}
 r - 2 potions of flight {unknown}
 B - a potion of mutation {unknown}
 C - 3 potions of degeneration {unknown}


   Skills:
 + Level 0.7 Fighting
 + Level 0.9 Maces & Flails
 + Level 2.1 Dodging
 - Level 2.1 Stealth
 * Level 8.4 Spellcasting
 * Level 6.8 Conjurations
 * Level 10.3 Fire Magic


You had 14 spell levels left.
You knew the following spells:

 Your Spells              Type           Power      Damage    Failure   Level
a - Foxfire               Conj/Fire      100%       2x1d9     1%          1
b - Scorch                Fire           100%       2d10      1%          2
c - Conjure Flame         Conj/Fire      44%        6-21      1%          3
d - Flame Wave            Conj/Fire      44%        2d10      2%          4
e - Shock                 Conj/Air       92%        1d8       1%          1

Your spell library contained the following spells:

 Spells                   Type           Power      Damage    Failure   Level
 Frozen Ramparts          Ice            16%        1d3       22%         3
 Inner Flame              Hex/Fire       30%        N/A       2%          3
 Blink                    Tloc           16%        N/A       12%         2
 Irradiate                Conj/Tmut      11%        3d17      45%         5
 Passage of Golubria      Tloc           8%         N/A       58%         4
 Petrify                  Tmut/Erth      8%         N/A       58%         4
 Manifold Assault         Tloc           8%         N/A       91%         5
 Silence                  Hex/Air        4%         N/A       91%         5
 Storm Form               Tmut/Air       4%         N/A       100%        7
 Lehudib's Crystal Spear  Conj/Erth      11%        10d4      100%        8
 Sublimation of Blood     Necr           Unusable   N/A       N/A         2

Dungeon Overview and Level Annotations

Branches:
Dungeon (8/15)             Temple (1/1) D:4
   Lair: D:8-11

Altars:
Ashenzari
Cheibriados
Dithmenos
Elyvilon
Fedhas
Gozag
Hepliaklqana
Kikubaaqudgha
Makhleb
Nemelex Xobeh
Okawaru
Ru
Sif Muna
Trog
Uskayaw
Vehumet
Wu Jian
Xom
Yredelemnul
Zin
The Shining One

Shops:
D:1 ?

Portals:
Bailey: D:8


Innate Abilities, Weirdness & Mutations

You are immune to sickness and miasma.
Your stone body is resilient. (AC +7)
You are immune to poison.
You resist negative energy. (rN+)
You are resistant to electric shocks. (rElec)
You are resistant to unholy torment.
You are immune to petrification.


Message History

The goblin shouts!
Casting: Scorch (safe; 1% risk of failure)
Confirm with . or Enter, or press ? or * to list all spells.
You conjure some foxfire!
The goblin shouts! x2
The orc priest invokes the aid of Beogh against you.
Beogh smites you!
Casting: Foxfire (safe; 1% risk of failure)
Confirm with . or Enter, or press ? or * to list all spells.
You conjure some foxfire!
The foxfire hits the orc.
The orc is heavily wounded.
The foxfire hits the goblin!
You kill the goblin!
Vehumet accepts your kill.
Casting: Foxfire (safe; 1% risk of failure)
Confirm with . or Enter, or press ? or * to list all spells.
You conjure some foxfire!
The foxfire hits the orc.
The orc is severely wounded.
The orc is engulfed in a cloud of scalding steam.
You kill the orc!
Vehumet accepts your kill.
You feel your power returning.
You hear a splash.
Your foxfire dissipates!
The foxfire hits the orc but does no damage.
The orc is severely wounded.
The orc priest calls down the wrath of Beogh upon you.
Beogh smites you!
* * * LOW HITPOINT WARNING * * *
The orc priest calls upon Beogh to heal the orc.
The orc's wounds heal themselves!
Casting: Foxfire (safe; 1% risk of failure)
Confirm with . or Enter, or press ? or * to list all spells.
Flames lash the orc.
You kill the orc!
Vehumet accepts your kill.
Unknown command.
The orc priest calls down the wrath of Beogh upon you.
Beogh smites you!
You die...

......v#g###.#
#########...##
#.###o## ##.#...#
#.##g# #.##.#
#.##.# ### #.##.#
#.. #.##@# #.#
#.##.# ##
###.#####.##.#
...##............#
#....#.#####.####
##.##.........#
#...#)#.#######
.....v#.#
....)##.#


You could see an orc priest and a goblin.

Vanquished Creatures
  Erica (D:8)
  Pikel (D:5)
  Sigmund (D:2)
  A vampire (D:7)
  A steam dragon (D:7)
  A water moccasin (D:5)
  2 sky beasts
  2 orc warriors
  Pargi (D:4)
  An ice beast (D:6)
  A necrophage (D:7)
  2 ogres
  2 kobold brigands (D:8)
  3 lemures (D:5)
  A bullfrog (D:7)
  A gnoll sergeant (D:8)
  A wyvern zombie (D:5)
  A scorpion (D:7)
  2 water moccasin skeletons (D:4)
  6 killer bees (D:8)
  9 wights (D:7)
  2 howler monkeys (D:8)
  3 hounds
  An orc priest (D:8)
  3 jellies
  5 orc wizards
  2 iguanas (D:5)
  Terence (D:2)
  A killer bee zombie (D:5)
  A hound skeleton (D:5)
  5 adders
  16 gnolls
  A shadow imp (D:6)
  3 white imps
  3 worms
  2 dart slugs
  22 orcs
  8 ball pythons
  5 endoplasms
  3 giant cockroaches
  3 goblins
  7 hobgoblins
  5 jackals
  3 quokkas
  10 bats
  3 frilled lizards
  17 kobolds
  4 rats
180 creatures vanquished.

Vanquished Creatures (collateral kills)
  A foxfire (D:2)
1 creature vanquished.

Vanquished Creatures (others)
  598 foxfires
  5 fungi (D:2)
  3 plants (D:2)
606 creatures vanquished.

Grand Total: 787 creatures vanquished

Notes
Turn   | Place    | Note
-------+----------+-------------------------------------------
     0 | D:1      | funkygono the Gargoyle Fire Elementalist began the quest
                  | for the Orb.
     0 | D:1      | Reached XP level 1. HP: 10/10 MP: 3/3
   582 | D:1      | Reached XP level 2. HP: 15/15 MP: 0/5
   585 | D:1      | Learned a level 2 spell: Scorch
   890 | D:1      | Found Orrotos's Magic Scroll Boutique.
   930 | D:1      | Bought a scroll of identify for 26 gold pieces
  1360 | D:1      | Reached XP level 3. HP: 9/19 MP: 1/6
  1364 | D:1      | Learned a level 3 spell: Conjure Flame
  1575 | D:2      | Noticed Sigmund
  1582 | D:2      | Killed Sigmund
  1583 | D:2      | Reached skill level 4 in Fire Magic
  1583 | D:2      | Reached XP level 4. HP: 24/24 MP: 0/8
  1583 | D:2      | Reached XP level 5. HP: 28/28 MP: 0/9
  1588 | D:2      | Learned a level 4 spell: Flame Wave
  1704 | D:2      | Found a faded altar of an unknown god.
  2162 | D:2      | Reached skill level 5 in Fire Magic
  2291 | D:2      | Found an iron altar of Okawaru.
  2324 | D:2      | Noticed Terence
  2344 | D:2      | Killed Terence
  2345 | D:2      | Reached XP level 6. HP: 24/32 MP: 0/10
  4114 | D:4      | Found a staircase to the Ecumenical Temple.
  4156 | Temple   | Entered the Ecumenical Temple
  4167 | Temple   | Became a worshipper of Vehumet
  4446 | D:4      | Identified the +1 robe of Yxooris {Will+}
  4534 | D:4      | Identified the +5 dagger "Naxeepn" {vorpal, rPois Int+2}
  4628 | D:4      | Reached XP level 7. HP: 36/36 MP: 5/13
  4739 | D:4      | Noticed Pargi
  4747 | D:4      | Killed Pargi
  4748 | D:4      | Reached skill level 6 in Fire Magic
  5108 | D:5      | Entered Level 5 of the Dungeon
  5108 | D:5      | Noticed Pikel
  5429 | D:5      | Reached XP level 8. HP: 41/41 MP: 8/15
  5678 | D:5      | Killed Pikel
  5679 | D:5      | Reached skill level 5 in Spellcasting
  5679 | D:5      | Reached skill level 7 in Fire Magic
  5878 | D:5      | Reached skill level 5 in Conjurations
  6744 | D:6      | Reached skill level 8 in Fire Magic
  6831 | D:6      | Reached * piety under Vehumet
  6831 | D:6      | Offered knowledge of Shock by Vehumet.
  6832 | D:6      | Reached XP level 9. HP: 46/46 MP: 12/18
  7032 | D:6      | Learned a level 1 spell: Shock
  8049 | D:7      | Offered knowledge of Poisonous Vapours by Vehumet.
  8050 | D:7      | Reached skill level 9 in Fire Magic
  8188 | D:7      | Reached ** piety under Vehumet
  8460 | D:8      | Reached XP level 10. HP: 51/51 MP: 8/22
  8517 | D:8      | Offered knowledge of Frozen Ramparts by Vehumet.
  8633 | D:8      | Noticed Erica
  8638 | D:8      | Killed Erica
  8639 | D:8      | Reached skill level 10 in Fire Magic
  8721 | D:8      | Found a flagged portal.
  8738 | D:8      | Killed from afar by an orc priest

Illustrated notes

Levels and vault maps discovered:
D:1:      scummos_arrival_checkerplants, layout_basic, serial_shops,
          nicolae_lakefront_shop
D:2:      layout_basic, dreamdust_ecumenical_altar_grove, basic_altar,
          uniq_terence, uniq_sigmund
D:3:      layout_loops_ring
D:4:      layout_cave_pools, minmay_temple_entry_large_hall, uniq_pargi
D:5:      layout_basic, uniq_pikel
D:6:      layout_basic, chequers_serial_rivers_micro_b, nrook_campfire
D:7:      layout_basic
D:8:      layout_loops_ring, enter_bailey_5, supply_closet_lemuel, uniq_harold,
          uniq_erica
Temple:   regret_index_temple_sigil_plot

Skill      XL: |  1  2  3  4  5  6  7  8  9 10 |
---------------+-------------------------------+-----
Spellcasting   | 3 4 6 8 |  8.4
Conjurations   | 2 3 4 5 6 |  6.8
Fire Magic     | 4 5 6 8 9 10 | 10.3
Dodging        | 2 |  2.1
Fighting       | |  0.7
Maces & Flails | |  0.9
Stealth        | |  2.1

Action                   |  1- 3 |  4- 6 |  7- 9 | 10-12 || total
-------------------------+-------+-------+-------+-------++-------
Melee: Whip              |       |     4 |       |       ||     4
       Dagger            |       |       |     6 |       ||     6
       Mace              |       |       |     2 |    25 ||    27
       Punch             |       |       |       |     1 ||     1
 Cast: Foxfire           |    32 |   109 |   203 |    20 ||   364
       Scorch            |     1 |    15 |    33 |    15 ||    64
       Flame Wave        |       |       |     5 |     1 ||     6
  Use: Scroll            |       |       |    14 |       ||    14
Armor: Robe              |     5 |     9 |    11 |       ||    25
       Steam dragon scal |       |       |     4 |    32 ||    36
Dodge: Dodged            |    19 |    20 |    28 |    22 ||    89

Table legend: (Time is in decaauts)
 A = Elapsed time spent in this place.
 B = Non-inter-level travel time spent in this place.
 C = Inter-level travel time spent in this place.
 D = Time resting spent in this place.
 E = Time spent auto-exploring this place.
 F = Levels seen in this place.
 G = Mean time per level.
                   A        B        C        D        E       F      G
               +--------+--------+--------+--------+--------+-----+--------+
         Total |   8749 |   8491 |    258 |    361 |   6654 |   9 |  972.1 |
       Dungeon |   8464 |   8240 |    224 |    361 |   6425 |   8 | 1058.0 |
        Temple |    284 |    251 |     33 |      0 |    229 |   1 |  284.0 |
               +--------+--------+--------+--------+--------+-----+--------+

Top non-repeatable levels by time:
     D:1: 1574 daAuts
     D:5: 1530 daAuts
     D:2: 1342 daAuts
     D:3: 1091 daAuts
     D:4: 920 daAuts
     D:6: 873 daAuts
     D:7: 758 daAuts
     D:8: 374 daAuts
  Temple: 284 daAuts
